 Dungeon Crawl Stone Soup version 0.17-a0-1479-g4041c36 (webtiles) character file.

52 hexophile the Magician (level 3, -6/28 HPs)
             Began as a Naga Wizard on July 3, 2015.
             Mangled by a worm (9 damage)
             ... on level 2 of the Dungeon.
             The game lasted 00:03:00 (1725 turns).

hexophile the Magician (Naga Wizard)                Turns: 1725, Time: 00:03:01

Health: -6/28      AC:  2    Str:  9    XL:     3   Next: 85%
Magic:  2/8        EV: 10    Int: 19    God:
Gold:   51         SH:  0    Dex:  9    Spells: 4 memorised, 0 levels left

rFire  . . .     SeeInvis +     h - +0 short sword
rCold  . . .     Clarity  .     a - +0 robe
rNeg   . . .     SustAt   .     (no shield)
rPois  +         Gourm    .     b - +0 hat
rElec  .         Spirit   .     (no cloak)
rCorr  .         Warding  .     (no gloves)
rMut   .         Stasis   .     (no barding)
MR     .....                    (no amulet)
Stlth  ++........               (no ring)
                                (no ring)

@: short of breath, very slightly contaminated, hasted, quick, not resistant to
hostile enchantments, unstealthy
A: see invisible, deformed body, poison resistance, slowness 2, slow metabolism
1, spit poison 2, AC +1
a: Spit Poison


You were on level 2 of the Dungeon.
You were hungry.

You visited 1 branch of the dungeon, and saw 2 of its levels.

You collected 51 gold pieces.

Inventory:

Hand weapons
 h - a +0 short sword (weapon)
Missiles
 j - 4 stones (quivered)
 k - 6 curare-tipped needles
Armour
 a - a +0 robe (worn)
 b - a +0 hat (worn)
Scrolls
 e - a scroll of recharging
 f - a scroll of remove curse
 g - a scroll of identify
Books
 c - a book of Minor Magic

   Spells                             Type                      Level
   a - Magic Dart                     Conjuration                  1
   b - Blink                          Translocation                2
   c - Call Imp                       Summoning                    2
   d - Repel Missiles                 Charms/Air                   2
   e - Slow                           Hexes                        2
   f - Conjure Flame                  Conjuration/Fire             3
   g - Mephitic Cloud                 Conjuration/Poison/Air       3
Comestibles
 d - 2 bread rations


   Skills:
 + Level 1.9 Dodging
 - Level 3.0 Stealth
 * Level 3.7 Spellcasting
 * Level 2.0 Conjurations
   Level 1.0 Summonings
 - Level 1.0 Translocations
 * Level 0.8 Air Magic


You couldn't memorise any spells.
You knew the following spells:

 Your Spells              Type           Power        Failure   Level  Hunger
a - Magic Dart            Conj           ##..         10%         1    None
b - Blink                 Tloc           N/A          17%         2    ##.....
c - Conjure Flame         Conj/Fire      #.......     34%         3    ###....
d - Mephitic Cloud        Conj/Pois/Air  #.......     34%         3    ###....


Dungeon Overview and Level Annotations

Branches:
Dungeon (2/15)

Altars:


Innate Abilities, Weirdness & Mutations

You cannot wear boots.
Your serpentine skin is tough (AC +1).
You have supernaturally acute eyesight.
Armour fits poorly on your strangely shaped body.
Your system is resistant to poisons.
You cover ground very slowly.
You have a slow metabolism.
You can spit poison.


Message History

The jackal bites you.
* * * LOW HITPOINT WARNING * * *
The worm bites you.
* * * LOW HITPOINT WARNING * * *
The jackal closely misses you.
Read which item? (? for menu, Esc to quit)
As you read the scroll labeled GIKICREORGHO, it crumbles to dust.
You hear a loud clanging noise!
It was a scroll of noise.
The jackal bites you but does no damage.
The jackal barely misses you.
Use which ability? (? or * to list)
Press: ? - help, Shift-Dir - straight line, f/p - worm
Aim: a worm (heavily wounded)
The splash of poison hits the worm.
The worm is poisoned.
The worm is heavily wounded.
You feel slightly more hungry. The jackal barely misses you.
The jackal bites you but does no damage.
The worm bites you!
You die...

#...# #..# #...#
##..## s
#...###....## ..
#...##......## #.
#...#........# #..
#............#
##...##
#...##.)....##
.......##...###....##
#...w@....# ##..##
#.##hh..######..#
)...#..........##
#....######......#
####. #####..### ##
#....### #[......
##.#.### #.#.##.


You could see a worm, 2 jackals and a giant cockroach.

Vanquished Creatures
  An adder (D:2)
  An ooze (D:2)
  A worm (D:2)
  A giant gecko (D:1)
  2 giant cockroaches
  3 goblins (D:1)
  6 hobgoblins
  6 kobolds
  A ball python (D:1)
  5 bats
  3 rats (D:1)
30 creatures vanquished.

Notes
Turn   | Place    | Note
--------------------------------------------------------------
     0 | D:1      | hexophile the Naga Wizard began the quest for the Orb.
     0 | D:1      | Reached XP level 1. HP: 15/15 MP: 4/4
   159 | D:1      | Reached XP level 2. HP: 19/22 MP: 0/6
  1076 | D:1      | Reached XP level 3. HP: 28/28 MP: 4/7
  1096 | D:1      | Learned a level 2 spell: Blink
  1100 | D:1      | Learned a level 3 spell: Conjure Flame
  1104 | D:1      | Learned a level 3 spell: Mephitic Cloud
  1720 | D:2      | HP: 1/28 [jackal (3)]
  1725 | D:2      | Mangled by a worm

Vault maps used:
D:1:      minmay_arrival_semitransparent, corexii_item_surrounded_by_moat,
          st_stairs_5

Action                   || total
-------------------------++-------
Melee: Unarmed           ||     6
       Short sword       ||    28
 Cast: Magic Dart        ||    79
 Abil: Spit Poison       ||     7
  Use: Scroll            ||     3
       Potion            ||     2
  Eat: Chunk             ||     1
